 Dungeon Crawl Stone Soup version 0.19.5 (webtiles) character file.

1239 equalderp2856 the Gouger (level 8, 0/36 HPs)
             Began as a Felid Fighter on Mar 26, 2017.
             Slain by a killer bee (7 damage)
             ... on level 8 of the Dungeon.
             The game lasted 00:24:20 (10236 turns).

equalderp2856 the Gouger (Felid Fighter)           Turns: 10236, Time: 00:24:21

Health: 0/36       AC:  2    Str: 13    XL:     8   Next: 25%
Magic:  9/9        EV: 24    Int: 11    God:
Gold:   425        SH:  0    Dex: 16    Spells: 0 memorised, 7 levels left
                                        Lives:  0   Deaths: 2

rFire  . . .     SeeInvis +       - Unarmed
rCold  + . .     Gourm    .     (armour unavailable)
rNeg   . . .     Faith    .     (shield unavailable)
rPois  .         Spirit   .     (helmet unavailable)
rElec  .         Reflect  .     (cloak unavailable)
rCorr  .         Harm     .     (gloves unavailable)
MR     +....                    (boots unavailable)
Stlth  ++++......               (no amulet)
                                (no ring)
                                j - ring of protection from cold

@: quick
A: no armour, no weapons or thrown items, stealth, claws 1, fangs 3, see
invisible, carnivore 3, speed 1, shaggy fur 2, slow metabolism 1, sharp paws
a: no special abilities


You were on level 8 of the Dungeon.
You were not hungry.

You visited 1 branch of the dungeon, and saw 8 of its levels.
You also visited: Sewer.

You collected 425 gold pieces.

Inventory:

Jewellery
 j - a ring of protection from cold (left paw)
 t - a +3 ring of dexterity {unknown}
 v - an uncursed ring of resist corrosion {unknown}
 y - a +3 ring of slaying {unknown}
Wands
 l - a wand of disintegration (8/24)
 m - a wand of iceblast (8/15)
 s - a wand of polymorph (18/24)
 B - a wand of flame (22/48)
 C - a wand of slowing (20/48)
 F - a wand of slowing (17/48)
 H - a wand of slowing (27/48)
Scrolls
 c - 8 scrolls of remove curse {unknown}
 d - 9 scrolls of identify {unknown}
 e - 3 scrolls of blinking {unknown}
 f - 3 scrolls of magic mapping {unknown}
 h - 2 scrolls of enchant weapon {unknown}
 i - a scroll of random uselessness {unknown}
 A - a scroll of immolation {unknown}
 G - a scroll of teleportation {unknown}
Potions
 a - a potion of might
 g - 3 potions of curing
 n - a potion of agility
 r - a potion of invisibility
 u - 2 potions of cure mutation {unknown}
 w - 3 potions of degeneration {unknown}
 x - 3 potions of lignification {unknown}
 z - a potion of mutation {unknown}
 D - a potion of cancellation {unknown}
 E - a potion of magic {unknown}
 I - a potion of heal wounds {unknown}
Comestibles
 b - 3 meat rations
 k - a royal jelly
 o - a slice of pizza
 p - 4 bread rations
 q - 2 beef jerkies


   Skills:
 + Level 4.0 Fighting
 + Level 8.1 Dodging
 + Level 7.8 Stealth
 + Level 10.2 Unarmed Combat


You had 7 spell levels left.
You didn't know any spells.

Dungeon Overview and Level Annotations

Branches:
Dungeon (8/15)             Temple (0/1) D:4
   Lair: D:8-11

Altars:
Elyvilon
Makhleb
Nemelex Xobeh
Qazlal
The Shining One

Annotations:
D:4 execc's ghost, novice VSMo


Innate Abilities, Weirdness & Mutations

You cannot wear armour.
You are incapable of wielding weapons or throwing items.
Your paws allow you to move quietly. (Stealth)
You have sharp claws.
You have razor-sharp teeth.
You have supernaturally acute eyesight. (SInv)
You are carnivorous and can eat meat at any time.
You cover ground quickly.
You are covered in thick fur. (AC +2)
You have a slow metabolism.
Your sharp claws are effective at attacking unaware monsters.


Message History

A killer bee comes into view.
The bat completely misses you. The bat completely misses you.
Okay, then.
The bat completely misses you. The bat closely misses you. The bat misses you.
The killer bee buzzes angrily.
The killer bee buzzes angrily. x2
The bat hits you but does no damage. The killer bee barely misses you.
The killer bee misses you. The killer bee closely misses you.
The bat misses you. The killer bee closely misses you.
The killer bee misses you.
You claw the killer bee! Your bite misses the killer bee.
The killer bee is heavily wounded.
The killer bee closely misses you. The killer bee misses you.
The killer bee completely misses you. The bat hits you but does no damage.
The killer bee stings you!
* * * LOW HITPOINT WARNING * * *
The killer bee stings you!
You die... #.# ###.#####.###.P.P.##o# #.# #.. . ..#.........# #PS. #.# #.#.# #.#o##..P...# #P.P #.#####.#.###.#.###...PP####PP. #.##.).....##.#r# #.P.PPP.PPP..

#....##.#.......#
#.......P...
###..##.##.##.o.#
#....P...P..
#..##......byy#####......P..P
#..####....y@....####......##
#..# #.####y###.# ##...###
#..# #.# #.# #.# #†.## #..#
#.# #.# #. #)## #..# #.# #.#
#.#####)##### #..#
#.####.###.......)...##
#.#....#.....##.####.##
#.#(####.#....#.####.##
#.#.###......>.........


You could see an orc warrior, 4 killer bees, an orc priest, a river rat and a
bat.

Vanquished Creatures
  Sigmund (D:5)
  Eustachio (D:5)
  An orc warrior (D:8)
  A sky beast (D:6)
  2 ogres
  2 phantoms (D:6)
  2 bullfrogs (Sewer)
  A scorpion (D:7)
  A killer bee (D:8)
  4 howler monkeys
  A crimson imp (D:5)
  2 bullfrog zombies
  2 centaur zombies (D:8)
  2 quasits (D:6)
  A jelly (D:8)
  2 hounds (D:6)
  9 orc wizards
  2 orc priests
  A centaur skeleton (D:6)
  A bullfrog skeleton (D:4)
  Natasha (thrice) (D:4)
  2 iguanas (D:4)
  5 worker ants
  A hound skeleton (D:4)
  A howler monkey zombie (D:6)
  12 adders
  3 river rats (D:8)
  5 shadow imps
  2 oozes
  A dart slug (D:1)
  10 leopard geckos
  24 orcs
  2 ball pythons (Sewer)
  8 giant cockroaches
  2 goblins
  4 hobgoblins
  6 jackals
  7 quokkas
  13 bats
  11 frilled lizards
  2 giant cockroach zombies
  6 kobolds
  2 leopard gecko skeletons (D:4)
  A quokka zombie (D:6)
  10 rats
182 creatures vanquished.

Vanquished Creatures (others)
  14 fungi (D:8)
  6 plants (D:8)
20 creatures vanquished.

Grand Total: 202 creatures vanquished

Notes
Turn   | Place    | Note
-------+----------+-------------------------------------------
     0 | D:1      | equalderp2856 the Felid Fighter began the quest for the Orb.
     0 | D:1      | Reached XP level 1. HP: 10/10 MP: 2/2
   466 | D:1      | Reached XP level 2. HP: 13/14 MP: 3/3
  1536 | D:2      | Reached XP level 3. HP: 11/17 MP: 4/4
  1875 | D:3      | Found a glowing drain.
  1900 | D:2      | Reached skill level 1 in Stealth
  2095 | D:2      | Reached skill level 5 in Unarmed Combat
  2095 | D:2      | Reached XP level 4. HP: 9/21 MP: 5/5
  2125 | Sewer    | Entered a sewer
  2600 | Sewer    | Noticed a bullfrog
  2602 | Sewer    | Noticed a bullfrog
  2613 | Sewer    | Killed a bullfrog
  2613 | Sewer    | Reached XP level 5. HP: 4/24 MP: 6/6
  2615 | Sewer    | Slain by a bullfrog
  2616 | Sewer    | Reached XP level 4. HP: -1/31 MP: 5/5
  2644 | Sewer    | Killed a bullfrog
  2644 | Sewer    | Reached skill level 5 in Dodging
  2644 | Sewer    | Reached XP level 5. HP: 24/24 MP: 6/6
  3100 | D:3      | Reached skill level 6 in Unarmed Combat
  4206 | D:3      | Gained mutation: You are covered in thick fur. (AC +2) [Felid growth]
  4206 | D:3      | Reached XP level 6. HP: 28/28 MP: 7/7
  4710 | D:4      | Found a staircase to the Ecumenical Temple.
  4872 | D:4      | Found a white marble altar of Elyvilon.
  5138 | D:4      | Noticed Natasha
  5298 | D:4      | Killed Natasha
  5398 | D:4      | Reached XP level 7. HP: 31/31 MP: 8/8
  5562 | D:4      | Reached skill level 7 in Unarmed Combat
  5568 | D:4      | Noticed Natasha
  5574 | D:4      | Killed Natasha
  5818 | D:4      | Noticed Natasha
  5824 | D:4      | Killed Natasha
  5936 | D:4      | Noticed execc's ghost (novice VSMo)
  5977 | D:5      | Entered Level 5 of the Dungeon
  5996 | D:5      | Noticed Sigmund
  6003 | D:5      | Killed Sigmund
  6003 | D:5      | Reached skill level 5 in Stealth
  6172 | D:5      | Noticed Eustachio
  6183 | D:5      | Killed Eustachio
  6386 | D:5      | Reached skill level 8 in Unarmed Combat
  6386 | D:5      | Reached XP level 8. HP: 36/36 MP: 9/9
  6865 | D:6      | Found a glowing golden altar of the Shining One.
  6871 | D:6      | Found a burning altar of Makhleb.
  7452 | D:6      | Found a stormy altar of Qazlal.
  7560 | D:6      | Reached skill level 9 in Unarmed Combat
  7697 | D:6      | Found a sparkling altar of Nemelex Xobeh.
  9731 | D:8      | Reached XP level 9. HP: 39/39 MP: 10/10
  9897 | D:8      | Reached skill level 10 in Unarmed Combat
 10196 | D:8      | Killed from afar by an orc priest
 10197 | D:8      | Reached XP level 8. HP: -13/36 MP: 9/9
 10236 | D:8      | Slain by a killer bee

Skill      XL: |  1  2  3  4  5  6  7  8  9 |
---------------+----------------------------+-----
Stealth        | 1 3 4 6 7 |  7.8
Unarmed Combat | 5 6 8 9 10 | 10.2
Dodging        | 5 6 8 |  8.1
Fighting       | 4 |  4.0

Action                   |  1- 3 |  4- 6 |  7- 9 || total
-------------------------+-------+-------+-------++-------
Melee: Unarmed           |    80 |   179 |   318 ||   577
       Bite              |     3 |    19 |    29 ||    51
       Punch             |     1 |     2 |    15 ||    18
  Use: Potion            |       |     6 |     1 ||     7
 Stab: Sleeping          |     4 |    13 |    10 ||    27
       Distracted        |       |       |     1 ||     1
  Eat: Chunk             |     2 |    18 |     6 ||    26
Armor: Skin              |     7 |     5 |    14 ||    26
Dodge: Dodged            |    95 |   132 |   293 ||   520
